 Dungeon Crawl Stone Soup version 0.19-a0-1568-gdd01aac (webtiles) character file.

28 Amnesiac the Digger (level 3, -1/24 HPs)
             Began as a Mummy Earth Elementalist on Sept 15, 2016.
             Slain by a hound (3 damage)
             ... on level 3 of the Dungeon.
             The game lasted 00:02:35 (1001 turns).

Amnesiac the Digger (Mummy Earth Elementalist)      Turns: 1001, Time: 00:02:36

Health: -1/24      AC:  2    Str: 11    XL:     3   Next: 0%
Magic:  0/6        EV: 12    Int: 15    God:
Gold:   24         SH:  0    Dex: 12    Spells: 2 memorised, 3 levels left

rFire  x . .     SeeInvis .     b - 20 stones
rCold  + . .     Gourm    .     c - +0 robe
rNeg   + + +     Faith    .     (no shield)
rPois  ∞         Spirit   .     (no helmet)
rElec  .         Dismiss  .     (no cloak)
rCorr  .         Reflect  .     (no gloves)
MR     .....     Harm     .     (no boots)
Stlth  ++........               (no amulet)
                                (no ring)
                                (no ring)

@: no status effects
A: no food or potions, fire vulnerability, cold resistance 1, negative energy
resistance 3, torment resistance, unbreathing
a: no special abilities


You were on level 3 of the Dungeon.
You were not hungry.

You visited 1 branch of the dungeon, and saw 4 of its levels.

You collected 24 gold pieces.

Inventory:

Missiles
 b - 20 stones (in hand)
Armour
 c - a +0 robe (worn)
Scrolls
 a - a scroll of enchant armour {unknown}
 e - 2 scrolls of identify {unknown}
 f - a scroll of random uselessness {unknown}
Books
 d - a book of Geomancy

   Spells                             Type                      Level
   a - Sandblast                      Earth                        1
   b - Passwall                       Transmutation/Earth          2
   c - Stone Arrow                    Conjuration/Earth            3
   d - Petrify                        Transmutation/Earth          4
   e - Lee's Rapid Deconstruction     Earth                        5


   Skills:
 - Level 1.5 Dodging
 - Level 1.5 Stealth
 - Level 2.0 Spellcasting
 - Level 0.7 Transmutations
 + Level 3.4 Earth Magic


You had 3 spell levels left.
You knew the following spells:

 Your Spells              Type           Power        Failure   Level  Hunger
v - Passwall              Tmut/Erth      #.........   14%         2    N/A
z - Sandblast             Erth           ##....       8%          1    N/A

Dungeon Overview and Level Annotations

Branches:
Dungeon (4/15)
 Temple: D:4-7

Altars:
Ashenzari
Hepliaklqana
The Shining One

Annotations:
D:4 zkyp's ghost, novice HuGl


Innate Abilities, Weirdness & Mutations

You do not eat or drink.
Your flesh is vulnerable to fire.
You are immune to poison.
Your flesh is cold resistant. (rC+)
You are immune to negative energy. (rN+++)
You are immune to unholy pain and torment.
You can survive without breathing.


Message History

The rocky blast misses the hound.
The hound closely misses you. The hound bites you.
The hound completely misses you.
Casting: Sandblast
Confirm with . or Enter, or press ? or * to list all spells.
Aiming: Sandblast
Press: ? - help, Shift-Dir - straight line, f/p - hound
Aim: a hound (heavily wounded)
The rocky blast hits the hound.
The hound is heavily wounded.
The hound closely misses you. The hound bites you.
* * * LOW HITPOINT WARNING * * *
The hound misses you. The hound bites you.
* * * LOW HITPOINT WARNING * * *
You can't drink.
Unknown command.
Okay, then.
The hound bites you.
You die...

#.. #...# ##.###### #...# #
### #.......# #...# .# ..##
#.)#)##.####...####.#
...####.###.#............#
..%.##.## ##............## .
..#.#.## ##...†........# ..
..#.##.## #..##h#...#..# ..
###.###.###...##@#...#..##.#..
#.####.#.#####.#...#........
#........# #.#..........#
#.......## #.#.....####.#
#.####### #....>..†## #.#
......#......# #.#
####..###.#...# #.#
#..##......... ..#
...........>.#


You could see a hound.

Vanquished Creatures
  A dart slug (D:1)
  A leopard gecko (D:1)
  An orc (D:3)
  3 giant cockroaches
  5 goblins
  3 hobgoblins
  3 bats
  A frilled lizard (D:3)
  3 kobolds
21 creatures vanquished.

Notes
Turn   | Place    | Note
-------+----------+-------------------------------------------
     0 | D:1      | Amnesiac the Mummy Earth Elementalist began the quest for the Orb.
     0 | D:1      | Reached XP level 1. HP: 13/13 MP: 3/3
   470 | D:1      | Reached XP level 2. HP: 17/19 MP: 3/5
   474 | D:1      | Learned a level 2 spell: Passwall
   509 | D:1      | Reached skill level 3 in Earth Magic
   787 | D:3      | Found a shattered altar of Ashenzari.
   794 | D:3      | Found a hazy altar of Hepliaklqana.
   836 | D:3      | Found a glowing golden altar of the Shining One.
   959 | D:3      | Reached XP level 3. HP: 24/24 MP: 2/6
   985 | D:4      | Noticed zkyp's ghost (novice HuGl)
   999 | D:3      | HP: 1/24 [hound (5)]
  1001 | D:3      | Slain by a hound

Vault maps used:
D:1:      nicolae_arrival_memento_mori
D:2:      gammafunk_temple_overflow_wave, grunt_temple_overflow_diamond,
          lexackson_kobold_supper
D:3:      minitemple, first_bread
D:4:      wad_river_or_something, lemuel_coloured_pillars_altar

Skill      XL: |  1  2 |
---------------+-------+-----
Earth Magic    | 3 |  3.4
Dodging        | |  1.5
Stealth        | |  1.5
Spellcasting   | |  2.0
Transmutations | |  0.7

Action                   || total
-------------------------++-------
Melee: Unarmed           ||     3
 Cast: Sandblast         ||    41
Armor: Robe              ||     4
Dodge: Dodged            ||    18
